 Dungeon Crawl Stone Soup version bcrawl-1.15.1-4-g77d781cab4 (webtiles) character file.

Game seed: 9867013689210506920

43 lis82 the Magician (level 3, -1/29 HPs)
             Began as a Demigod Wanderer on Oct 10, 2019.
             Succumbed to an orc wizard's poison
             ... on level 2 of the Dungeon.
             The game lasted 00:05:03 (1371 turns).

lis82 the Magician (Demigod Wanderer)               Turns: 1371, Time: 00:05:04

Health: -1/29      AC:  4    Str: 18    XL:     3   Next: 37%
Magic:  10/10      EV:  8    Int: 16    God:    Demigod [*.....]
Gold:   112        SH:  8    Dex: 16    Spells: 1/8 levels left

rFire    . . .     SeeInvis .   b - +0 spear
rCold    . . .     Gourm    .   e - +0 shield
rNeg     . . .     Faith    +   a - +0 leather armour
rPois    .         Spirit   .   i - +0 helmet
rElec    .         Reflect  .   (no cloak)
rCorr    .         Harm     .   (no gloves)
MR       .....                  (no boots)
Stlth    ++........             h - amulet of faith
HPRegen  0.09/turn              (no ring)
MPRegen  0.12/turn              (no ring)

@: lethally poisoned (-1 -> -21)
A: high mp 1
a: Temporal Distortion


You were on level 2 of the Dungeon.
You worshipped Demigod.
Demigod was aware of your devotion.
You were not hungry.

You visited 1 branch of the dungeon, and saw 2 of its levels.

You collected 112 gold pieces.

Inventory:

Hand Weapons
 b - a +0 spear (weapon)
Missiles
 l - 69 stones (quivered)
Armour
 a - a +0 leather armour (worn)
 e - a +0 shield (worn)
 i - a +0 helmet (worn)
Jewellery
 h - an amulet of faith (around neck)
 m - an uncursed ring of poison resistance {unknown}
Scrolls
 c - 2 scrolls of teleportation {unknown}
 d - a scroll of immolation {unknown}
 g - a scroll of remove curse {unknown}
 j - a scroll of fog {unknown}
Comestibles
 f - 2 rations {!d}
 k - a chunk of flesh


   Skills:
 - Level 2.0 Fighting
 - Level 1.0 Stealth
 - Level 1.0 Shields
 - Level 3.1 Spellcasting
 - Level 1.0 Translocations
   Level 1.7 Fire Magic
   Level 1.7 Ice Magic
 + Level 0.6 Earth Magic


You had one spell level left.
You knew the following spells:

 Your Spells              Type           Power        Failure   Level  Hunger
a - Sandblast             Erth           #.....       71%         1    None
b - Blink                 Tloc           N/A          80%         2    ##.....
c - Stone Arrow           Conj/Erth      #.....       98%         3    ###....
d - Blink Other           Tloc           #.....       65%         1    None

Your spell library contained the following spells:

 Spells                   Type           Power        Failure   Level  Hunger
 Passwall                 Tmut/Erth      #.......     87%         2    ##.....
 Portal Projectile        Tloc           #.....       95%         3    ###....
 Teleport Other           Tloc           #.......     95%         3    ###....
 Petrify                  Tmut/Erth      #.......     100%        4    ####...
 Lee's Rapid Deconstruct  Erth           #.........   100%        5    ######.
 Passage of Golubria      Tloc           N/A          100%        5    ######.


Dungeon Overview and Level Annotations

Branches:
Dungeon (2/12)


Innate Abilities, Weirdness & Mutations

You have an increased reservoir of magic. (+10% MP)


Message History

You block the orc's attack.
You aren't carrying any potions.
You closely miss the orc wizard.
The orc wizard is heavily wounded.
* * * LOW HITPOINT WARNING * * *
You feel sick.
The orc wizard hits you with a +0 dagger of venom.
* * * LOW HITPOINT WARNING * * *
You are more poisoned.
The orc misses you.
You hit the orc wizard.
The orc wizard is severely wounded.
* * * LOW HITPOINT WARNING * * *
You feel sick.
The orc wizard mumbles some strange words.
The orc wizard seems to speed up.
The orc completely misses you.
Your shield prevents you from hitting the orc wizard.
The orc wizard is severely wounded.
You die...
Your divinity fades.

..................#
...#..............#
...#....).....#####
####..>.......# #
##........## #
#..........#####
#..........o...#
#..........###o###
..........o@...#
....##########.#
.... .# #.. # ##


You could see an orc wizard and an orc.

Vanquished Creatures
  A worm (D:2)
  A dart slug (D:1)
  A leopard gecko (D:1)
  3 bats (D:1)
  9 giant cockroaches
  A goblin (D:1)
  3 hobgoblins
  4 jackals (D:2)
  4 kobolds
  A frilled lizard (D:2)
  3 rats
31 creatures vanquished.

Notes
Turn   | Place    | Note
-------+----------+-------------------------------------------
     0 | D:1      | lis82 the Demigod Wanderer began the quest for the Orb.
     0 | D:1      | lis82 set off with the following items: a +0 club, a +0
                  | robe, a +0 shield, a ration {!d}; and the following spells
                  | available to memorise: Blink Other, Sandblast, Blink,
                  | Passwall, Portal Projectile, Teleport Other, Stone Arrow,
                  | Petrify, Lee's Rapid Deconstruction, Passage of Golubria
     0 | D:1      | Reached XP level 1. HP: 14/14 MP: 6/6
     2 | D:1      | Learned a level 1 spell: Blink Other
   105 | D:1      | Reached skill level 1 in Fighting
   489 | D:1      | Reached XP level 2. HP: 19/23 MP: 8/8
   526 | D:1      | Learned a level 2 spell: Blink
  1013 | D:2      | Reached skill level 3 in Spellcasting
  1030 | D:2      | Reached XP level 3. HP: 28/29 MP: 10/10
  1054 | D:2      | Learned a level 1 spell: Sandblast
  1058 | D:2      | Learned a level 3 spell: Stone Arrow
  1065 | D:2      | Reached * piety under Demigod
  1088 | D:2      | HP: 1/29 [kobold/+0 club (2)]
  1094 | D:2      | HP: 1/29 [kobold/+0 club (1)]
  1370 | D:2      | HP: 1/29 [poisoned by an orc wizard]
  1371 | D:2      | Succumbed to an orc wizard's poison

Skill      XL: |  1  2 |
---------------+-------+-----
Fighting       | 1 2 |  2.0
Spellcasting   | 3 |  3.1
Stealth        | |  1.0
Shields        | |  1.0
Translocations | |  1.0
Fire Magic     | |  1.7
Ice Magic      | |  1.7
Earth Magic    | |  0.6

Action                   || total
-------------------------++-------
Melee: Spear             ||   137
       Club              ||     8
  Use: Scroll            ||     1
 Stab: Sleeping          ||     3
  Eat: Chunk             ||     2
Armor: Robe              ||     4
       Leather armour    ||    49
Dodge: Dodged            ||    58
Block: Shield            ||    65
